 Dungeon Crawl Stone Soup version 0.28-a0-674-gdaf460b524 (webtiles) character file.

Game seed: 13880029645801105001

66 acebull12 the Magician (level 4, 0/31 HPs)
             Began as a Djinni Fire Elementalist on Oct 17, 2021.
             Shot with a stone by a goblin (1 damage)
             ... led by Robin
             ... on level 2 of the Dungeon.
             The game lasted 00:03:44 (2677 turns).

acebull12 the Magician (Djinni Fire Elementalist)   Turns: 2677, Time: 00:03:45

Health: 0/31       AC:  2    Str:  7    XL:     4   Next: 37%
Gold:   70         EV: 12    Int: 18    God:
                   SH:  0    Dex: 13

rFire   + + .      SeeInvis .   e - +2 dagger (distort)
rCold   x . .      Faith    .   (no shield)
rNeg    . . .      Spirit   .   a - +0 robe
rPois   ∞          Reflect  .   (no helmet)
rElec   .          Harm     .   (no cloak)
rCorr   .          Rampage  .   (no gloves)
Will    .....                   (boots unavailable)
Stlth   ++........              (no amulet)
HPRegen 0.10/turn               (no ring)
MPRegen 0.00/turn               (no ring)

@: flying
A: sickness immunity, fire resistance 2, cold vulnerability 1, float, innate
caster, hp casting, extra vitality 1
a: no special abilities


You were on level 2 of the Dungeon.
You visited 1 branch of the dungeon, and saw 2 of its levels.

You collected 70 gold pieces.

Inventory:

Hand Weapons
 e - a +2 dagger of distortion (weapon)
Armour
 a - a +0 robe (worn)
Scrolls
 b - 2 scrolls of teleportation {unknown}
 c - 3 scrolls of identify {unknown}
 f - a scroll of blinking {unknown}
 h - 2 scrolls of enchant weapon {unknown}
 i - a scroll of vulnerability {unknown}
Potions
 d - a potion of curing {unknown}
 g - 3 potions of flight {unknown}
 j - 2 potions of resistance {unknown}


   Skills:
 * Level 0.3 Fighting
 + Level 2.9 Dodging
 - Level 1.6 Stealth
 * Level 3.4 Spellcasting


You couldn't memorise any spells.
You knew the following spells:

 Your Spells              Type           Power      Damage    Failure   Level
a - Foxfire               Conj/Fire      60%        2x1d7     3%          1
b - Scorch                Fire           30%        2d7       5%          2
c - Conjure Flame         Conj/Fire      15%        6-21      11%         3
d - Inner Flame           Hex/Fire       15%        N/A       11%         3
e - Flame Wave            Conj/Fire      15%        3d5       36%         4
f - Summon Small Mammal   Summ           60%        N/A       3%          1
Your spell library was empty.

Dungeon Overview and Level Annotations

Branches:
Dungeon (2/15)

Altars:


Innate Abilities, Weirdness & Mutations

You are immune to sickness and miasma.
You are immune to poison.
Your flesh is very heat resistant. (rF++)
You are vulnerable to cold. (rC-)
You float through the air rather than walking.
You learn spells naturally, not from books.
Your magical power is your life essence.
You have superior vitality. (+4 HP)


Message History

* * * LOW HITPOINT WARNING * * *
The foxfire hits the goblin.
The goblin is heavily wounded.
The foxfire hits the goblin.
The goblin is almost dead.
Casting: Foxfire (safe; 3% risk of failure)
Confirm with . or Enter, or press ? or * to list all spells.
You conjure some foxfire!
* * * LOW HITPOINT WARNING * * *
The foxfire hits the goblin.
You kill the goblin!
Your foxfire dissipates!
Your foxfire dissipates!
Your magical contamination has completely faded away.
A goblin is nearby!
Casting: Foxfire (safe; 3% risk of failure)
Confirm with . or Enter, or press ? or * to list all spells.
You conjure some foxfire!
The goblin shouts!
* * * LOW HITPOINT WARNING * * *
The goblin unwields a +0 dagger.
The goblin wields a +0 hunting sling.
The goblin shoots a stone.
The stone closely misses you.
Casting: Foxfire (safe; 3% risk of failure)
Confirm with . or Enter, or press ? or * to list all spells.
You conjure some foxfire!
* * * LOW HITPOINT WARNING * * *
Your foxfire dissipates! x2
The foxfire hits the goblin.
The goblin is severely wounded.
The goblin shoots a stone.
The stone hits you.
* * * LOW HITPOINT WARNING * * *
Casting: Foxfire (safe; 3% risk of failure)
Confirm with . or Enter, or press ? or * to list all spells.
You conjure some foxfire!
* * * LOW HITPOINT WARNING * * *
The goblin shoots a stone.
The stone hits you but does no damage.
Your foxfire dissipates!
The goblin shoots a stone.
The stone closely misses you.
The goblin shoots a stone.
The stone hits you.
You die...

#...#.# #####.######.## #.#
#####.####........##.#.####.#
#...[.#.#......#.#.......#
#..##.#.##...#.##...######
#..##.#.#...##.###.##
#............#.###.#
#.###.#...)......<.#
#.###.#......#.#####
#.....#.....@..#
###########.#### #.# ##
#.######## .. #........#
#)####........#
#.)g§g........#
#.###.....§..... ..
#..........##


You could see a goblin.

Vanquished Creatures
  Robin (D:2)
  A dart slug (D:1)
  4 ball pythons
  3 bats
  2 endoplasms
  2 giant cockroaches (D:1)
  10 goblins
  7 hobgoblins
  4 jackals (D:1)
  4 kobolds (D:1)
  A quokka (D:1)
  6 rats
45 creatures vanquished.

Vanquished Creatures (others)
  A demonspawn (D:1)
  A vine stalker (D:1)
  An elf (D:1)
  A troll (D:1)
  A merfolk (D:1)
  A formicid (D:1)
  A spriggan (D:1)
  2 tengu (D:1)
  A felid (D:1)
  A gnoll (D:1)
  4 orcs (D:1)
  260 foxfires
  12 tentacles (D:1)
287 creatures vanquished.

Grand Total: 332 creatures vanquished

Notes
Turn   | Place    | Note
-------+----------+-------------------------------------------
     0 | D:1      | acebull12 the Djinni Fire Elementalist began the quest for
                  | the Orb.
     0 | D:1      | Reached XP level 1. HP: 15/15 MP: 0/0
     2 | D:1      | Noticed a spriggan
     2 | D:1      | Noticed a felid
     2 | D:1      | Noticed an elf
     2 | D:1      | Noticed a vine stalker
     2 | D:1      | Noticed a tengu
     2 | D:1      | Noticed a kraken
     2 | D:1      | Noticed a formicid
     2 | D:1      | Noticed a merfolk
     2 | D:1      | Noticed a troll
     2 | D:1      | Noticed a tengu
     2 | D:1      | Noticed a demonspawn
     7 | D:1      | Killed a felid
    12 | D:1      | Killed a spriggan
    16 | D:1      | Killed an elf
    18 | D:1      | Killed a tengu
    22 | D:1      | Killed a tengu
    27 | D:1      | Killed a demonspawn
    32 | D:1      | Killed a troll
    32 | D:1      | Killed a formicid
    32 | D:1      | Killed a merfolk
    34 | D:1      | Killed a vine stalker
   412 | D:1      | Reached XP level 2. HP: 17/21 MP: 0/0
   957 | D:1      | Reached skill level 3 in Spellcasting
   957 | D:1      | Reached XP level 3. HP: 14/25 MP: 0/0
   957 | D:1      | Learned a level 1 spell: Summon Small Mammal
  2615 | D:2      | Reached XP level 4. HP: 24/31 MP: 0/0
  2622 | D:2      | Noticed Robin
  2627 | D:2      | Killed Robin
  2677 | D:2      | Shot with a stone by a goblin

Illustrated notes

Levels and vault maps discovered:
D:1:      nicolae_arrival_kraken_aquarium_b, layout_basic
D:2:      layout_loops_corners, kennysheep_generic_room_5, uniq_robin

Skill      XL: |  1  2 |
---------------+-------+-----
Spellcasting   | 3 |  3.4
Fighting       | |  0.3
Dodging        | |  2.9
Stealth        | |  1.6

Action                   |  1- 3 |  4- 6 || total
-------------------------+-------+-------++-------
Melee: Dagger            |     4 |       ||     4
 Cast: Foxfire           |   127 |    27 ||   154
 Stab: Sleeping          |     1 |       ||     1
Armor: Robe              |       |     1 ||     1
Dodge: Dodged            |     2 |     2 ||     4

Table legend: (Time is in decaauts)
 A = Elapsed time spent in this place.
 B = Non-inter-level travel time spent in this place.
 C = Inter-level travel time spent in this place.
 D = Time resting spent in this place.
 E = Time spent auto-exploring this place.
 F = Levels seen in this place.
 G = Mean time per level.
                   A        B        C        D        E       F      G
               +--------+--------+--------+--------+--------+-----+--------+
         Total |   2676 |   2667 |      9 |    191 |   2204 |   2 | 1338.0 |
       Dungeon |   2676 |   2667 |      9 |    191 |   2204 |   2 | 1338.0 |
               +--------+--------+--------+--------+--------+-----+--------+

Top non-repeatable levels by time:
     D:1: 1733 daAuts
     D:2: 942 daAuts
